 Dungeon Crawl Stone Soup version 0.28-a0-1080-g05a166d0ed (webtiles) character file.

Game seed: 11905881608554414839

4261 ytrimaz the Protected (level 10, -4/80 HPs)
             Began as a Formicid Fighter on Dec 9, 2021.
             Was an Initiate of Qazlal.
             Slain by a hornet (9 damage)
             ... on level 9 of the Dungeon.
             The game lasted 00:09:37 (10311 turns).

ytrimaz the Protected (Formicid Fighter)           Turns: 10311, Time: 00:09:38

Health: -4/80      AC: 17    Str: 31    XL:     10   Next: 56%
Magic:  10/10      EV:  9    Int:  8    God:    Qazlal [......]
Gold:   189        SH:  5    Dex: 10    Spells: 9/9 levels left

rFire   . . .      SeeInvis +   f - +0 battleaxe
rCold   . . .      Faith    .   c - +0 buckler
rNeg    . . .      Spirit   .   h - +0 chain mail
rPois   .          Reflect  .   (helmet unavailable)
rElec   .          Harm     .   m - +1 cloak
rCorr   +          Rampage  .   o - +2 pair of gloves {infuse}
Will    +....                   (no boots)
Stlth   ..........              (no amulet)
HPRegen 0.23/turn               l - +6 ring of strength
MPRegen 0.12/turn               n - ring of resist corrosion

@: no status effects
A: permanent stasis, dig shafts and tunnels, antennae 3, four strong arms
a: Dig, Shaft Self, Renounce Religion


You were on level 9 of the Dungeon.
You worshipped Qazlal.
Qazlal was noncommittal.
You visited 2 branches of the dungeon, and saw 10 of its levels.
You also visited: Ossuary.

You collected 309 gold pieces.
You spent 120 gold pieces at shops.

Inventory:

Hand Weapons
 a - a +1 war axe of protection
 f - a +0 battleaxe (weapon)
Armour
 c - a +0 buckler (worn)
 h - a +0 chain mail (worn)
 m - a +1 cloak (worn)
 o - a +2 pair of gloves of infusion (worn)
Jewellery
 l - a +6 ring of strength (left hand)
 n - a ring of resist corrosion (right hand)
Wands
 d - a wand of iceblast (6)
 g - a wand of charming (11)
 r - a wand of flame (15)
Scrolls
 b - 2 scrolls of fear
 q - a scroll of fog
Potions
 e - a potion of ambrosia
 i - a potion of magic {unknown}
 k - a potion of lignification {unknown}
 p - a potion of attraction {unknown}


   Skills:
 * Level 8.1 Fighting
 + Level 8.8 Axes
 * Level 9.4 Armour
 * Level 7.9 Shields
 + Level 0.1 Evocations


You had 9 spell levels left.
You didn't know any spells.
Your spell library contained the following spells:

 Spells                   Type           Power      Damage    Failure   Level
 Sting                    Tmut/Pois      0%         1d3       86%         1
 Poisonous Vapours        Pois/Air       0%         N/A       94%         2
 Gell's Gravitas          Tloc           0%         N/A       99%         3
 Lesser Beckoning         Tloc           0%         N/A       99%         3
 Teleport Other           Tloc           0%         N/A       99%         3
 Olgreb's Toxic Radiance  Pois           0%         N/A       100%        4


Dungeon Overview and Level Annotations

Branches:
Dungeon (8/15)             Temple (1/1) D:5            Lair (0/6) D:9
Ossuary (visited)

Altars:
Ashenzari
Cheibriados
Dithmenos
Gozag
Hepliaklqana
Kikubaaqudgha
Okawaru
Qazlal
Trog
Uskayaw
Vehumet
Wu Jian
Xom
Yredelemnul
Zin
The Shining One

Shops:
D:2 =   D:3 (   D:5 *


Innate Abilities, Weirdness & Mutations

You cannot be hasted, slowed, berserked, paralysed or teleported.
You can dig through walls and to a lower floor.
You have a pair of large antennae on your head. (SInv)
Your four strong arms can wield two-handed weapons with a shield.


Message History

The hornet closely misses you.
Found a pair of boots.
The hornet stings you but does no damage.
You block the water moccasin's attack.
The hornet stings you but does no damage.
You block the water moccasin's attack.
Found a scroll labelled ZYSAUW HAI.
The hornet stings you but does no damage.
The centaur wields a +0 shortbow.
The centaur shoots an arrow.
The arrow closely misses you. You block the hornet's attack.
The water moccasin bites you but does no damage.
The centaur shoots an arrow.
The arrow hits you but does no damage. You block the hornet's attack.
The water moccasin bites you but does no damage.
The hornet stings you!
Your stasis prevents you from being slowed.
The hornet barely misses you.
The centaur unwields a +0 shortbow.
The centaur closely misses you.
The centaur kicks you but does no damage.
The centaur hits you but does no damage.
The centaur kicks you but does no damage.
The hornet stings you!
* * * LOW HITPOINT WARNING * * *
Your stasis prevents you from being slowed.
The water moccasin bites you.
* * * LOW HITPOINT WARNING * * *
The centaur hits you.
* * * LOW HITPOINT WARNING * * *
You block the centaur's attack.
You see here a scroll labelled ZYSAUW HAI.
Found a staircase to the Lair.
The hornet stings you.
* * * LOW HITPOINT WARNING * * *
Your stasis prevents you from being slowed.
The water moccasin bites you but does no damage.
The centaur wields a +0 shortbow.
The centaur shoots an arrow.
The arrow hits you.
* * * LOW HITPOINT WARNING * * *
The hornet stings you!
You die...

.#..# #.....# ...
..... #.....#
P.P##....#####.....#
PPP...#...........[#
>P..≈#.#...u....###
P.P..#.#........#
##...cF.......#
#....ySo......#
≈...#.@#........# #
#...#........#
#####........#
##########


You could see a cyan ugly thing, a hornet, a water moccasin, a bullfrog, a
centaur and an orc.

Vanquished Creatures
  A centaur warrior (D:8)
  A two-headed ogre (D:7)
  A cyclops (D:8)
  A troll (D:6)
  Sigmund (D:3)
  A wyvern (D:7)
  A water moccasin (D:7)
  A necrophage (D:6)
  An orc warrior (D:8)
  2 ogres
  3 centaurs
  A kobold brigand (D:7)
  2 scorpions
  2 water moccasin zombies
  A wyvern skeleton (D:6)
  2 water moccasin skeletons
  4 wights (D:7)
  2 bullfrog zombies (D:6)
  4 centaur zombies
  4 hounds
  3 jellies (D:5)
  An orc priest (D:4)
  5 iguanas
  2 orc wizards
  2 killer bee zombies
  4 mummies (Ossuary)
  A howler monkey zombie (D:8)
  5 adders
  4 gnolls (D:3)
  A shadow imp (D:5)
  2 adder skeletons (D:4)
  4 worms
  5 dart slugs
  21 orcs
  3 ball pythons
  5 endoplasms
  4 giant cockroaches
  7 goblins
  7 hobgoblins
  3 jackals (D:1)
  5 quokkas
  7 bats
  4 hobgoblin zombies (Ossuary)
  8 kobolds
  7 rats
156 creatures vanquished.

Vanquished Creatures (others)
  3 plants
3 creatures vanquished.

Grand Total: 159 creatures vanquished

Notes
Turn   | Place    | Note
-------+----------+-------------------------------------------
     0 | D:1      | ytrimaz the Formicid Fighter began the quest for the Orb.
     0 | D:1      | Reached XP level 1. HP: 18/18 MP: 1/1
   104 | D:1      | Reached XP level 2. HP: 20/24 MP: 2/2
   707 | D:1      | Reached XP level 3. HP: 29/29 MP: 3/3
  1133 | D:2      | Reached skill level 4 in Armour
  1225 | D:2      | Found Ofusucul's Jewellery Shoppe.
  1372 | D:2      | Reached XP level 4. HP: 37/37 MP: 4/4
  2058 | D:3      | Found Docualith's Antique Weapon Emporium.
  2061 | D:3      | Noticed Sigmund
  2080 | D:3      | Killed Sigmund
  2081 | D:3      | Reached XP level 5. HP: 31/42 MP: 5/5
  2081 | D:3      | Reached XP level 6. HP: 36/48 MP: 6/6
  2447 | D:3      | Found a faded altar of an unknown god.
  2537 | D:3      | Reached skill level 5 in Armour
  3178 | D:4      | Found a sand-covered staircase.
  3186 | D:4      | Reached XP level 7. HP: 54/55 MP: 7/7
  3189 | Ossuary  | Entered an ossuary
  3582 | Ossuary  | Reached skill level 5 in Shields
  3697 | D:4      | Reached skill level 5 in Fighting
  3697 | D:4      | Reached skill level 5 in Axes
  4375 | D:5      | Entered Level 5 of the Dungeon
  4392 | D:5      | Found a staircase to the Ecumenical Temple.
  4410 | D:5      | Reached XP level 8. HP: 57/62 MP: 8/8
  4414 | Temple   | Entered the Ecumenical Temple
  4505 | Temple   | Became a worshipper of Qazlal Stormbringer
  4827 | D:5      | Found a shadowy altar of Dithmenos.
  4997 | D:5      | Found Dirim's Assorted Antiques.
  5010 | D:5      | Bought a pair of glowing gloves for 120 gold pieces
  5372 | D:5      | Reached skill level 6 in Armour
  5842 | D:6      | Found an iron altar of Okawaru.
  6260 | D:6      | Reached XP level 9. HP: 61/69 MP: 4/9
  6591 | D:6      | Noticed a troll
  6602 | D:6      | Killed a troll
  6987 | D:6      | Reached skill level 7 in Armour
  7363 | D:7      | Found an ancient bone altar of Kikubaaqudgha.
  7513 | D:7      | Noticed a two-headed ogre
  7549 | D:7      | Killed a two-headed ogre
  7550 | D:7      | Reached skill level 8 in Armour
  8195 | D:7      | Reached XP level 10. HP: 78/79 MP: 0/10
  9003 | D:8      | Noticed a centaur warrior
  9792 | D:8      | Killed a centaur warrior
  9793 | D:8      | Reached skill level 9 in Armour
  9939 | D:8      | Noticed a manticore
  9940 | D:8      | Noticed a cyclops
  9952 | D:8      | Killed a cyclops
  9955 | D:8      | You fall into a shaft and drop 1 floor!
 10233 | D:9      | Noticed a cyan ugly thing
 10310 | D:9      | Found a staircase to the Lair.
 10311 | D:9      | Slain by a hornet

Illustrated notes

Levels and vault maps discovered:
D:1:      mrwooster_arrival_statue_3, layout_rooms, serial_glass,
          glass_columns_b, glass_columns_b, glass_columns_a, glass_columns_c,
          glass_columns_c, glass_columns_a, minmay_strange_pillars,
          item_on_display_b, feat_on_display, minmay_misc_feat_alley
D:2:      layout_loops_ring, serial_shops, shop_fountains
D:3:      layout_basic, serial_shops, shop,
          hellmonk_ecumenical_altar_pennies_from_heaven, uniq_sigmund
D:4:      layout_rooms, nicolae_ossuary_entry_monument, minmay_between
D:5:      layout_gridville, nicolae_dithmenos_the_darkroom,
          minmay_temple_entry_ruins, serial_shops,
          nicolae_shop_overgrown_old_shop
D:6:      layout_gridville, kennysheep_okawaru_gauntlet
D:7:      layout_basic, lemuel_tele_altar
D:8:      cheibrodos_fzero, layout_loops_ring, amcnicky_altar_gilded
D:9:      layout_basic, chequers_temple_overflow_minitemple, dpeg_oklobed_lair,
          nicolae_concentric_dashed_squares_mild
Temple:   dshaligram_water_room_temple

Skill      XL: |  1  2  3  4  5  6  7  8  9 10 |
---------------+-------------------------------+-----
Shields        | 4 5 6 7 |  7.9
Armour         | 4 5 6 8 9 |  9.4
Fighting       | 4 5 6 7 8 |  8.1
Axes           | 3 4 5 6 7 8 |  8.8
Evocations     | |  0.1

Action                   |  1- 3 |  4- 6 |  7- 9 | 10-12 || total
-------------------------+-------+-------+-------+-------++-------
Melee: War axe           |    87 |   118 |    77 |       ||   282
       Battleaxe         |       |       |   204 |    70 ||   274
 Abil: Dig               |       |     1 |       |     1 ||     2
       Shaft Self        |       |       |       |     1 ||     1
Evoke: Wand              |       |       |       |     2 ||     2
  Use: Scroll            |     6 |     3 |     6 |     2 ||    17
       Potion            |       |     2 |     2 |     4 ||     8
Armor: Scale mail        |    56 |    37 |       |       ||    93
       Chain mail        |       |    31 |   163 |   111 ||   305
Dodge: Dodged            |    63 |    53 |   116 |    58 ||   290
Block: Buckler           |    24 |    17 |    78 |    46 ||   165

Table legend: (Time is in decaauts)
 A = Elapsed time spent in this place.
 B = Non-inter-level travel time spent in this place.
 C = Inter-level travel time spent in this place.
 D = Time resting spent in this place.
 E = Time spent auto-exploring this place.
 F = Levels seen in this place.
 G = Mean time per level.
                   A        B        C        D        E       F      G
               +--------+--------+--------+--------+--------+-----+--------+
         Total |  10510 |  10060 |    450 |   1330 |   7005 |  11 |  955.5 |
       Dungeon |   9954 |   9523 |    431 |    998 |   6908 |   9 | 1106.0 |
        Temple |    114 |     95 |     19 |      0 |     79 |   1 |  114.0 |
       Ossuary |    441 |    441 |      0 |    332 |     18 |   1 |  441.0 |
               +--------+--------+--------+--------+--------+-----+--------+

Top non-repeatable levels by time:
     D:7: 2577 daAuts
     D:6: 1541 daAuts
     D:5: 1236 daAuts
     D:1: 1106 daAuts
     D:3: 1082 daAuts
     D:4: 958 daAuts
     D:2: 892 daAuts
 Ossuary: 441 daAuts
     D:9: 355 daAuts
     D:8: 204 daAuts
  Temple: 114 daAuts
